 Dungeon Crawl Stone Soup version 0.22.1-2-g9c5b331 (webtiles) character file.

660 Mojopoop the Cleaver (level 7, -2/90 HPs)
             Began as a Hill Orc Chaos Knight on Dec 1, 2018.
             Killed by divine providence
             ... invoked by an orc priest
              (12 damage)
             ... on level 5 of the Dungeon.
             The game lasted 00:16:02 (2997 turns).

Mojopoop the Cleaver (Hill Orc Chaos Knight)        Turns: 2997, Time: 00:16:03

Health: -2/90      AC: 23    Str: 14    XL:     7   Next: 56%
Magic:  7/7        EV:  2    Int: 20    God:    Xom [..*...]
Gold:   160        SH: 14    Dex: 11    Spells: 6/6 levels left

rFire    . . .     SeeInvis .   a - +2 hand axe (chaos)
rCold    . . .     Gourm    .   l - +2 large shield
rNeg     + + +     Faith    .   (armour currently unavailable)
rPois    +         Spirit   .   (helmet currently unavailable)
rElec    .         Reflect  .   (cloak currently unavailable)
rCorr    .         Harm     .   (gloves currently unavailable)
MR       .....     NoTele   +   (boots currently unavailable)
Stlth    +.........             (no amulet)
HPRegen  0.25/turn              j - +6 ring of intelligence
MPRegen  0.10/turn              (no ring)

@: tree-form
A: clever 1, weak 1, evolution 1
a: Renounce Religion, Convert to Beogh


You were on level 5 of the Dungeon.
You worshipped Xom.
You were a toy of Xom.
You were not hungry.
You were a tree.
You visited 1 branch of the dungeon, and saw 5 of its levels.

You collected 160 gold pieces.

Inventory:

Hand Weapons
 a - a +2 hand axe of chaos (weapon)
 s - a +1 dagger of flaming
Armour
 b - a +3 leather armour (melded)
 e - a scarf of resistance (melded)
 l - a +2 large shield (worn)
Jewellery
 j - a +6 ring of intelligence (left branch)
Wands
 q - a wand of iceblast (9)
 t - a wand of clouds (7)
 v - a wand of acid (4)
Scrolls
 d - a scroll of fog
 k - a scroll of blinking
 m - 2 scrolls of teleportation
Potions
 f - 3 potions of magic
 g - a potion of flight
 h - a potion of invisibility
 i - a potion of lignification
 p - 3 potions of degeneration
Comestibles
 c - 7 rations


   Skills:
 - Level 4.4 Fighting
 * Level 8.2 Axes
 + Level 4.5 Armour
 - Level 1.6 Dodging
 - Level 0.2 Stealth
 + Level 3.4 Shields


You had 6 spell levels left.
You didn't know any spells.
Your spell library was empty.

Dungeon Overview and Level Annotations

Branches:
Dungeon (5/15)
 Temple: D:4-7

Altars:
Gozag
Trog
Uskayaw
Vehumet
Xom


Innate Abilities, Weirdness & Mutations

Your mind is acute. (Int +2)
You are weak. (Str -2)
You evolve.


Message History

You hit the orc priest but do no damage.
You hit the orc priest.
The orc priest seems to speed up.
Xom is highly amused!
The orc priest shouts, "Surrender to Beogh and we'll let you live!"
The orc priest is moderately wounded.
You hit the orc priest. You burn the orc priest.
The orc priest shouts, "Surrender to Beogh and we'll let you live!"
You block the orc priest's attack.
The orc priest calls down the wrath of Beogh upon you.
Beogh smites you!
* * * LOW HITPOINT WARNING * * *
Your shield prevents you from hitting the orc priest.
The orc priest is heavily wounded.
You hit the orc priest. You burn the orc priest.
The orc priest threatens, "By the altar or by the axe, you will meet Beogh!" x2
The orc priest hits you but does no damage.
The orc priest calls down the wrath of Beogh upon you.
Beogh smites you!
You die...
Xom guffaws!

...#.....## ###
####........########.##
.....?................##
#.......# ####.#.#.##
##..)..## #...#.##.#
##w[.## #.....###. #o###
#...####.# ##o##
###..###.## ##.o♣##
#.....#.## ##.....##
#......##
##....h..####.###.##
#.........##.## ##.####
+.........'..# #.....
#.........##.## ##.####
##.......####.###.##
##.....## #.....#
........# ####.##


You could see a worm, a hound, 2 orc priests and an orc.

Vanquished Creatures
  Eustachio (D:5)
  An ogre (D:4)
  A crocodile (D:5)
  A vampire bat (D:3)
  Ijyb (D:4)
  An iguana (D:3)
  An orc wizard (D:3)
  2 worker ants (D:4)
  A hound skeleton (D:4)
  3 gnolls (D:4)
  5 adders
  An ooze (D:2)
  2 worms
  2 dart slugs (D:1)
  A leopard gecko (D:2)
  5 orcs
  21 bats
  5 giant cockroaches
  7 goblins
  10 hobgoblins
  4 jackals (D:1)
  A quokka (shapeshifter) (D:2)
  3 quokkas
  2 ball pythons
  7 frilled lizards
  11 kobolds
  17 rats
117 creatures vanquished.

Notes
Turn   | Place    | Note
-------+----------+-------------------------------------------
     0 | D:1      | Mojopoop the Hill Orc Chaos Knight began the quest for the
                  | Orb.
     0 | D:1      | Reached XP level 1. HP: 19/19 MP: 1/1
   101 | D:1      | XOM: harmless Hex miscast
   104 | D:1      | Reached skill level 1 in Dodging
   164 | D:1      | Reached XP level 2. HP: 27/27 MP: 2/2
   253 | D:1      | XOM: divination: detect creatures
   258 | D:1      | XOM: smoke on damage
   259 | D:1      | Reached XP level 3. HP: 20/33 MP: 3/3
   613 | D:1      | XOM: scenery: create altars
   953 | D:2      | Reached skill level 5 in Axes
   953 | D:2      | Reached XP level 4. HP: 26/41 MP: 4/4
  1040 | D:2      | Noticed a moth of wrath
  1043 | D:2      | Found a bloodstained altar of Trog.
  1346 | D:2      | Found a hide-covered altar of Uskayaw.
  1350 | D:2      | XOM: give mutations
  1350 | D:2      | Gained mutation: You are agile. (Dex +2) [Xom's grace]
  1350 | D:2      | Gained mutation: You have sharp fingernails. [Xom's grace]
  1385 | D:2      | XOM: medium Tmut miscast
  1424 | D:2      | Found an opulent altar of Gozag.
  1424 | D:2      | Found a radiant altar of Vehumet.
  1492 | D:2      | XOM: cloud trail
  1597 | D:3      | XOM: harmless Chrm miscast
  1599 | D:3      | Reached XP level 5. HP: 43/47 MP: 5/5
  1664 | D:3      | Reached skill level 1 in Shields
  1799 | D:3      | Reached skill level 6 in Axes
  1842 | D:3      | XOM: summons 2 hostile demons
  1943 | D:3      | XOM: mild Tloc miscast
  2105 | D:3      | Reached XP level 6. HP: 53/53 MP: 6/6
  2531 | D:4      | Found a bloodstained altar of Trog.
  2759 | D:4      | Reached skill level 7 in Axes
  2791 | D:4      | Noticed Ijyb
  2812 | D:4      | Killed Ijyb
  2812 | D:4      | Reached XP level 7. HP: 42/60 MP: 7/7
  2833 | D:4      | Lost mutation: You are agile. (Dex +2) [potion of mutation]
  2833 | D:4      | Lost mutation: You have sharp fingernails. [potion of
                  | mutation]
  2833 | D:4      | Gained mutation: Scrolls take you a little longer to read.
                  | [potion of mutation]
  2833 | D:4      | Lost mutation: Scrolls take you a little longer to read.
                  | [potion of mutation]
  2833 | D:4      | Gained mutation: Your flesh is heat resistant. (rF+)
                  | [potion of mutation]
  2834 | D:4      | Lost mutation: Your flesh is heat resistant. (rF+) [potion
                  | of mutation]
  2834 | D:4      | Gained mutation: You are weak. (Str -2) [potion of
                  | mutation]
  2834 | D:4      | Gained mutation: You evolve. [potion of mutation]
  2834 | D:4      | Gained mutation: Your mind is acute. (Int +2) [potion of
                  | mutation]
  2878 | D:5      | Entered Level 5 of the Dungeon
  2883 | D:5      | Noticed Eustachio
  2911 | D:5      | Killed Eustachio
  2980 | D:5      | XOM: blink monster(s)
  2981 | D:5      | XOM: cast spell 'Ring of Flames'
  2981 | D:5      | Reached skill level 8 in Axes
  2997 | D:5      | Killed from afar by an orc priest

Skill      XL: |  1  2  3  4  5  6  7 |
---------------+----------------------+-----
Dodging        | 1 |  1.6
Fighting       | 4 |  4.4
Axes           | 5 6 7 8 |  8.2
Shields        | 1 2 3 |  3.4
Armour         | 3 4 |  4.5
Stealth        | |  0.2

Action                   |  1- 3 |  4- 6 |  7- 9 || total
-------------------------+-------+-------+-------++-------
Melee: Hand axe          |   115 |   182 |    27 ||   324
  Use: Scroll            |     9 |     8 |     3 ||    20
       Potion            |     1 |     1 |     6 ||     8
 Stab: Paralysed         |     1 |     2 |     1 ||     4
       Petrified         |       |    12 |       ||    12
  Eat: Ration            |       |     2 |       ||     2
Armor: Leather armour    |    67 |    68 |     6 ||   141
       Skin              |       |       |     1 ||     1
Dodge: Dodged            |    99 |    38 |     4 ||   141
Block: Large shield      |     9 |   128 |    11 ||   148
